 Dungeon Crawl Stone Soup version 0.21-a0-251-g5e8393f (webtiles) character file.

45514 tidbits the Martial Artist (level 13, -15/169 HPs)
             Began as a Demigod Transmuter on Sept 5, 2017.
             Killed by the air
             ... invoked by Joturen the Cloud Mage
              (29 damage)
             ... in a wizard's laboratory.
             The game lasted 01:54:07 (10022 turns).

tidbits the Martial Artist (Demigod Transmuter)    Turns: 10022, Time: 01:54:08

Health: -15/169    AC: 26    Str: 13    XL:     13   Next: 62%
Magic:  15/25      EV:  2    Int: 28    God:
Gold:   1006       SH:  0    Dex: 18    Spells: 5/23 levels left

rFire    . . .     SeeInvis +     - Unarmed
rCold    . . .     Gourm    .   (no shield)
rNeg     + + +     Faith    .   (armour currently unavailable)
rPois    +         Spirit   .   (helmet currently unavailable)
rElec    .         Reflect  .   (cloak currently unavailable)
rCorr    .         Harm     .   (gloves currently unavailable)
MR       .....     NoTele   +   (boots currently unavailable)
Stlth    ++........             T - amulet of regeneration
HPRegen  0.78/turn              I - ring of see invisible
MPRegen  0.19/turn              V - +3 ring of evasion

@: brilliant, tree-form, vulnerable
A: high mp 1
a: no special abilities


You were in a wizard's laboratory.
You were not hungry.
You were a tree.
You visited 3 branches of the dungeon, and saw 14 of its levels.
You also visited: Labyrinth and Wizlab.

You collected 1480 gold pieces.
You spent 474 gold pieces at shops.

Inventory:

Missiles
 e - 117 bolts
 x - 10 javelins (quivered)
 Y - 38 tomahawks
Armour
 B - a +3 leather armour of poison resistance (melded)
   (You found it in a labyrinth)
 C - a +0 cloak (melded)
 E - a +1 helmet (melded)
 F - a +2 pair of boots (melded)
 O - a +1 robe of magic resistance
   (You took it off an orc wizard on level 5 of the Dungeon)
Jewellery
 I - a ring of see invisible (left branch)
   (You found it in a labyrinth)
 K - an uncursed ring of resist corrosion
   (You found it in a labyrinth)
 L - an uncursed ring of flight
   (You found it on level 10 of the Dungeon)
 T - an amulet of regeneration (around neck)
   (You found it on level 8 of the Dungeon)
 V - a +3 ring of evasion (right branch)
   (You found it on level 8 of the Dungeon)
 W - an uncursed ring of wizardry
   (You found it on level 10 of the Dungeon)
Wands
 d - a wand of digging (18/24)
 h - a wand of lightning (3/15)
 o - a wand of flame (39/48)
 t - a wand of lightning (3/15)
 v - a wand of paralysis (11/24)
 w - a wand of polymorph (2/24)
 D - a wand of scattershot (1/9)
 H - a wand of random effects (27/48)
 M - a wand of iceblast (7/15)
 X - a wand of confusion (12/48)
Scrolls
 m - a scroll of fear
 n - 6 scrolls of teleportation
 r - 7 scrolls of remove curse
 A - a scroll of blinking
 R - a scroll of immolation {unknown}
Potions
 g - a potion of flight
 k - 3 potions of curing
 l - a potion of cancellation
 u - a potion of might
 S - 2 potions of lignification
 U - a potion of invisibility {unknown}
Books
 c - a book of Changes

   Spells                             Type                      Level
   a - Beastly Appendage              Transmutation                1
   b - Sticks to Snakes               Transmutation                2
   c - Spider Form                    Transmutation/Poison         3
   d - Ice Form                       Ice/Transmutation            4
   e - Blade Hands                    Transmutation                5
 q - a book of Minor Magic
   (You found it on level 3 of the Dungeon)

   Spells                             Type                      Level
   a - Magic Dart                     Conjuration                  1
   b - Blink                          Translocation                2
   c - Call Imp                       Summoning                    2
   d - Slow                           Hexes                        2
   e - Conjure Flame                  Conjuration/Fire             3
   f - Mephitic Cloud                 Conjuration/Poison/Air       3
Comestibles
 i - 5 royal jellies
 J - 4 bread rations


   Skills:
 + Level 9.8 Fighting
 + Level 9.9 Dodging
 - Level 1.0 Stealth
 * Level 13.2 Unarmed Combat
 - Level 5.5 Spellcasting
 - Level 3.2 Charms
 - Level 6.1 Translocations
 - Level 8.7 Transmutations


You had 5 spell levels left.
You knew the following spells:

 Your Spells              Type           Power        Failure   Level  Hunger
a - Spider Form           Tmut/Pois      #####.....   1%          3    None
b - Blink                 Tloc           N/A          1%          2    None
g - Shroud of Golubria    Chrm/Tloc      ######....   1%          2    None
h - Blade Hands           Tmut           ######....   1%          5    #####..
k - Sticks to Snakes      Tmut           ######..     1%          2    None
p - Passage of Golubria   Tloc           N/A          1%          4    ###....


Dungeon Overview and Level Annotations

Branches:
Dungeon (11/15)            Temple (0/1) D:7            Lair (0/6) D:10
    Orc (2/2) D:11            Elf (1/3) Orc:2

Shops:
D:5 ?   Orc:2 }%(*   Elf:1 !

Portals:
Pandemonium: Orc:2

Annotations:
D:3 Gagarin's ghost, amateur HOFi


Innate Abilities, Weirdness & Mutations

You have an increased reservoir of magic. (+10% MP)


Message History

Aiming: Paralyse
Press: ? - help, Shift-Dir - straight line, f/p - Joturen
Aim: Joturen the Cloud Mage, wielding a quick blade of electrocution and wearing the +3 robe of Clouds {+Fly rElec} (white fluffiness, lightly wounded, poisoned, susceptible to hostile enchantments, surrounded by restless winds, chance to defeat MR: 21%) Joturen resists with almost no effort.
This wand has 7 charges left.
Your water moccasin closely misses Joturen.
Evoke which item? (* to show all) (? for menu, Esc to quit)
Aiming: Paralyse
Press: ? - help, Shift-Dir - straight line, f/p - Joturen
Aim: Joturen the Cloud Mage, wielding a quick blade of electrocution and wearing the +3 robe of Clouds {+Fly rElec} (white fluffiness, lightly wounded, poisoned, susceptible to hostile enchantments, surrounded by restless winds, chance to defeat MR: 21%) Joturen resists with almost no effort.
This wand has 6 charges left.
Joturen waves his arms in wide circles.
The air twists around and strikes you!
Your water moccasin barely misses Joturen.
Evoke which item? (* to show all) (? for menu, Esc to quit)
Aiming: Paralyse
Press: ? - help, Shift-Dir - straight line, f/p - Joturen
Aim: Joturen the Cloud Mage, wielding a quick blade of electrocution and wearing the +3 robe of Clouds {+Fly rElec} (lightly wounded, poisoned, susceptible to hostile enchantments, surrounded by restless winds, chance to defeat MR: 21%) Joturen resists with almost no effort.
This wand has 5 charges left.
Your extra speed is starting to run out.
Your water moccasin closely misses Joturen.
Joturen hits you but does no damage.
Evoke which item? (* to show all) (? for menu, Esc to quit)
Aiming: Paralyse
Press: ? - help, Shift-Dir - straight line, f/p - Joturen
Aim: Joturen the Cloud Mage, wielding a quick blade of electrocution and wearing the +3 robe of Clouds {+Fly rElec} (white fluffiness, lightly wounded, poisoned, susceptible to hostile enchantments, surrounded by restless winds, chance to defeat MR: 21%) Joturen resists with almost no effort.
This wand has 4 charges left.
Your water moccasin misses Joturen.
Joturen hits you with a quick blade of electrocution.
* * * LOW HITPOINT WARNING * * *
Evoke which item? (* to show all) (? for menu, Esc to quit)
Aiming: Paralyse
Press: ? - help, Shift-Dir - straight line, f/p - Joturen
Aim: Joturen the Cloud Mage, wielding a quick blade of electrocution and wearing the +3 robe of Clouds {+Fly rElec} (white fluffiness, lightly wounded, poisoned, susceptible to hostile enchantments, surrounded by restless winds, chance to defeat MR: 21%) Joturen resists with almost no effort.
This wand has 3 charges left.
Your water moccasin bites Joturen.
Press: ? - help, v - describe, . - travel
Here: Joturen the Cloud Mage, wielding a quick blade of electrocution and wearing the +3 robe of Clouds {+Fly rElec} (white fluffiness, lightly wounded, poisoned, susceptible to hostile enchantments, surrounded by restless winds)
The damp floor.
Unknown command.
Evoke which item? (* to show all) (? for menu, Esc to quit)
Aiming: Paralyse
Press: ? - help, Shift-Dir - straight line, f/p - Joturen
Aim: Joturen the Cloud Mage, wielding a quick blade of electrocution and wearing the +3 robe of Clouds {+Fly rElec} (white fluffiness, lightly wounded, poisoned, susceptible to hostile enchantments, surrounded by restless winds, chance to defeat MR: 21%) Joturen resists with almost no effort.
This wand has 2 charges left.
Joturen hits you but does no damage.
Your water moccasin bites Joturen but does no damage.
Evoke which item? (* to show all) (? for menu, Esc to quit)
Aiming: Paralyse
Press: ? - help, Shift-Dir - straight line, f/p - Joturen
Aim: Joturen the Cloud Mage, wielding a quick blade of electrocution and wearing the +3 robe of Clouds {+Fly rElec} (lightly wounded, poisoned, susceptible to hostile enchantments, surrounded by restless winds, chance to defeat MR: 21%) Joturen resists with almost no effort.
This wand has 1 charge left.
Joturen hits you but does no damage.
You are electrocuted!
* * * LOW HITPOINT WARNING * * *
Your water moccasin barely misses Joturen.
Evoke which item? (* to show all) (? for menu, Esc to quit)
Aiming: Paralyse
Press: ? - help, Shift-Dir - straight line, f/p - Joturen
Aim: Joturen the Cloud Mage, wielding a quick blade of electrocution and wearing the +3 robe of Clouds {+Fly rElec} (lightly wounded, poisoned, susceptible to hostile enchantments, surrounded by restless winds, chance to defeat MR: 21%) Joturen resists with almost no effort.
This wand has 0 charges left.
Joturen hits you but does no damage.
You are electrocuted!
* * * LOW HITPOINT WARNING * * *
Your water moccasin bites Joturen.
You feel better.
You feel a little less mighty now.
Joturen hits your water moccasin but does no damage.
Your water moccasin bites Joturen.
Joturen looks as sick as possible!
Your water moccasin poisons Joturen!
Evoke which item? (* to show all) (? for menu, Esc to quit)
This wand has no charges.
Charge which item? (? for menu, Esc to quit)
As you read the scroll of recharging, it crumbles to dust.
Your wand of paralysis (0/24) glows for a moment and now has 14 charges.
You feel yourself slow down. Joturen hits you but does no damage.
Your water moccasin bites Joturen.
Evoke which item? (* to show all) (? for menu, Esc to quit)
Aiming: Paralyse
Press: ? - help, Shift-Dir - straight line, f/p - Joturen
Aim: Joturen the Cloud Mage, wielding a quick blade of electrocution and wearing the +3 robe of Clouds {+Fly rElec} (white fluffiness, lightly wounded, poisoned, susceptible to hostile enchantments, surrounded by restless winds, chance to defeat MR: 21%) Joturen resists with almost no effort.
This wand has 13 charges left.
Your water moccasin barely misses Joturen.
Joturen hits you with a quick blade of electrocution.
* * * LOW HITPOINT WARNING * * *
Evoke which item? (* to show all) (? for menu, Esc to quit)
Aiming: Paralyse
Press: ? - help, Shift-Dir - straight line, f/p - Joturen
Aim: Joturen the Cloud Mage, wielding a quick blade of electrocution and wearing the +3 robe of Clouds {+Fly rElec} (white fluffiness, lightly wounded, poisoned, susceptible to hostile enchantments, surrounded by restless winds, chance to defeat MR: 21%) Joturen resists with almost no effort.
This wand has 12 charges left.
Your water moccasin closely misses Joturen.
Joturen hits you but does no damage.
Evoke which item? (* to show all) (? for menu, Esc to quit)
Aiming: Paralyse
Press: ? - help, Shift-Dir - straight line, f/p - Joturen
Aim: Joturen the Cloud Mage, wielding a quick blade of electrocution and wearing the +3 robe of Clouds {+Fly rElec} (white fluffiness, lightly wounded, poisoned, susceptible to hostile enchantments, surrounded by restless winds, chance to defeat MR: 21%) Joturen resists with almost no effort.
This wand has 11 charges left.
Your water moccasin barely misses Joturen.
Joturen waves his arms in wide circles.
The air twists around and strikes you!
You die...

≈≈≈≈≈≈≈≈≈≈≈ ≈≈≈≈≈≈≈≈▓▓▓≈≈≈≈≈▓▓..
≈≈≈≈≈≈≈≈≈≈####################...
≈≈≈≈≈≈≈≈▓▓▓......... ......
≈≈≈≈≈≈▓▓▓...≈≈≈≈≈≈≈≈ v≈≈≈≈≈
≈≈≈≈≈▓▓...≈≈≈####### #######
≈≈≈≈≈▓..≈≈≈≈≈######## # #
≈≈≈≈▓▓.≈≈≈≈≈≈##§§#..#..#
≈≈≈≈▓..≈≈≈≈≈≈#§§§§......
≈≈≈▓▓.≈≈≈≈≈SS#§§♣§§.....
≈≈≈▓..≈≈≈≈≈≈≈#§§@§......
≈≈≈▓.........§.S........
≈≈≈▓..≈≈≈≈≈≈≈#§.§.......
≈≈≈▓▓.≈≈≈≈≈≈≈#§§§§§.....
≈≈≈≈▓..≈≈≈≈≈≈#§§§.......
≈≈≈≈▓▓.≈≈≈≈≈≈##..#..#..#
≈≈≈≈≈▓..≈≈≈≈≈########### #
≈≈≈≈≈▓▓...≈≈≈####################


You could see Joturen the Cloud Mage and a friendly water moccasin.

Vanquished Creatures
  An orc warlord (Orc:2)
  A minotaur (Lab)
  An ettin (Orc:2)
  3 spriggan air magi (WizLab)
  2 dancing weapons (Elf:1)
  2 two-headed ogres (D:8)
  4 death yaks (D:10)
  7 orc high priests (Orc:2)
  3 deep elf knights (Elf:1)
  2 sixfirhies (Orc:2)
  Pikel (D:5)
  9 orc knights
  5 orc sorcerers (Orc:2)
  10 deep elf magi (Elf:1)
  2 smoke demons (Orc:2)
  A hellwing (Orc:2)
  An ice devil (Orc:2)
  6 trolls
  7 wind drakes (WizLab)
  2 hippogriffs (D:8)
  28 air elementals (WizLab)
  A wraith (D:10)
  A wyvern (D:10)
  7 yaks (D:10)
  A warg (D:11)
  10 insubstantial wisps (WizLab)
  Duvessa (D:5)
  A necrophage (D:10)
  29 orc warriors
  A phantom (D:7)
  A black bear (D:8)
  8 ogres
  3 ice beasts
  2 sky beasts
  4 centaurs
  A crocodile (D:10)
  A big kobold (D:7)
  3 bullfrogs
  A gnoll sergeant (D:8)
  Dowan (D:5)
  5 killer bees (D:8)
  4 wights (D:7)
  2 vampire bats (Orc:2)
  2 crimson imps
  A quasit (D:10)
  A bullfrog zombie (D:8)
  2 centaur zombies
  2 hounds
  A centaur skeleton (D:10)
  16 orc priests
  Crazy Yiuf (D:2)
  Jessica (D:2)
  3 bullfrog skeletons
  4 iguanas
  8 orc wizards
  5 worker ants
  11 gnolls
  12 adders
  A shadow imp (D:5)
  An ooze (D:3)
  2 adder skeletons
  2 dart slugs (D:1)
  7 leopard geckos
  68 orcs
  8 bats
  5 giant cockroaches
  6 hobgoblins
  6 jackals
  14 kobolds
  3 quokkas
  2 ball pythons
  2 frilled lizards
  6 goblins
  A jackal skeleton (D:7)
  2 leopard gecko skeletons
  2 quokka zombies (D:5)
  6 rats
400 creatures vanquished.

Vanquished Creatures (collateral kills)
  A death yak (D:10)
  2 deep elf magi (Elf:1)
  A wind drake (WizLab)
  A hippogriff (D:8)
  An air elemental (WizLab)
  A warg (Orc:2)
  An insubstantial wisp (WizLab)
  5 orc warriors (Orc:2)
  An ogre (Orc:2)
  A killer bee (D:8)
  A scorpion (D:10)
  An orc priest (D:8)
  An orc wizard (D:5)
  2 gnolls
  A shadow imp (D:10)
  A worm (D:3)
  4 orcs
  A giant cockroach (D:1)
  A goblin (D:3)
  2 jackals
30 creatures vanquished.

Vanquished Creatures (others)
  A wind drake (WizLab)
  3 insubstantial wisps (WizLab)
  An ogre (D:5)
  A centaur (D:6)
6 creatures vanquished.

Grand Total: 436 creatures vanquished

Notes
Turn   | Place    | Note
-------+----------+-------------------------------------------
     0 | D:1      | tidbits the Demigod Transmuter began the quest for the Orb.
     0 | D:1      | Reached XP level 1. HP: 15/15 MP: 5/5
    50 | D:2      | Reached skill level 2 in Spellcasting
   122 | D:1      | Reached skill level 3 in Unarmed Combat
   128 | D:1      | Reached skill level 2 in Transmutations
   128 | D:1      | Reached XP level 2. HP: 12/22 MP: 2/7
   132 | D:1      | Learned a level 2 spell: Sticks to Snakes
   574 | D:3      | Found a hazy altar of Hepliaklqana.
   640 | D:3      | Reached XP level 3. HP: 17/27 MP: 4/8
   645 | D:3      | Learned a level 3 spell: Spider Form
  1052 | D:3      | Noticed Gagarin's ghost (amateur HOFi)
  1127 | D:4      | Noticed an ogre
  1135 | D:4      | Killed an ogre
  1135 | D:4      | Reached skill level 4 in Unarmed Combat
  1135 | D:4      | Reached skill level 3 in Transmutations
  1135 | D:4      | Reached XP level 4. HP: 28/34 MP: 5/9
  1172 | D:4      | Reached XP level 5. HP: 25/39 MP: 6/10
  1432 | D:2      | Noticed Jessica
  1437 | D:2      | Killed Jessica
  1439 | D:2      | Found a hide-covered altar of Uskayaw.
  1571 | D:2      | Reached skill level 1 in Stealth
  1716 | D:2      | Reached skill level 5 in Unarmed Combat
  1983 | D:2      | Found a runed door.
  1989 | D:2      | Noticed Crazy Yiuf
  1993 | D:2      | Killed Crazy Yiuf
  2173 | D:4      | Reached XP level 6. HP: 46/46 MP: 6/11
  2251 | D:4      | Found a deep blue altar of Sif Muna.
  2307 | D:5      | Entered Level 5 of the Dungeon
  2523 | D:5      | Noticed Dowan
  2526 | D:5      | Noticed Duvessa
  2548 | D:5      | Killed Duvessa
  2548 | D:5      | Reached skill level 4 in Transmutations
  2562 | D:5      | Killed Dowan
  2562 | D:5      | Reached skill level 6 in Unarmed Combat
  2602 | D:5      | Found Odoleph's Magic Scroll Shop.
  2603 | D:5      | Noticed Pikel
  2605 | D:5      | Bought a scroll of teleportation for 36 gold pieces
  2605 | D:5      | Bought a scroll of identify for 24 gold pieces
  2605 | D:5      | Bought a scroll of identify for 24 gold pieces
  2605 | D:5      | Bought a scroll of fear for 42 gold pieces
  2605 | D:5      | Bought a scroll of identify for 24 gold pieces
  2622 | D:5      | Killed Pikel
  2622 | D:5      | Reached skill level 7 in Unarmed Combat
  2622 | D:5      | Reached skill level 5 in Transmutations
  2622 | D:5      | Reached XP level 7. HP: 30/51 MP: 5/13
  2699 | D:5      | Reached skill level 1 in Fighting
  2699 | D:5      | Reached skill level 2 in Dodging
  2775 | D:5      | Reached XP level 8. HP: 36/59 MP: 8/14
  3110 | D:6      | Reached skill level 2 in Fighting
  3110 | D:6      | Reached skill level 8 in Unarmed Combat
  3231 | D:5      | Reached skill level 3 in Dodging
  3447 | D:6      | Found a sparkling altar of Nemelex Xobeh.
  3449 | D:6      | Found a shimmering altar of Xom.
  3472 | D:6      | Found a stormy altar of Qazlal.
  3490 | D:6      | Found a glowing silver altar of Zin.
  3665 | D:6      | Reached skill level 3 in Fighting
  3673 | D:6      | Reached skill level 6 in Transmutations
  3893 | D:6      | Found a sacrificial altar of Ru.
  3934 | D:6      | Learned a level 5 spell: Blade Hands
  4071 | D:7      | Reached XP level 9. HP: 70/70 MP: 12/15
  4092 | D:7      | Found a staircase to the Ecumenical Temple.
  4565 | D:7      | Reached skill level 4 in Dodging
  4577 | D:7      | Reached skill level 9 in Unarmed Combat
  4618 | D:8      | Noticed a two-headed ogre
  4672 | D:7      | Found a basalt altar of Yredelemnul.
  4882 | D:8      | Reached skill level 4 in Fighting
  4947 | D:8      | Reached skill level 7 in Transmutations
  4950 | D:8      | Reached skill level 3 in Spellcasting
  5148 | D:8      | Reached skill level 5 in Dodging
  5149 | D:8      | Noticed a two-headed ogre
  5155 | D:8      | Killed a two-headed ogre
  5155 | D:8      | Reached skill level 5 in Fighting
  5155 | D:8      | Reached XP level 10. HP: 42/81 MP: 7/19
  5276 | D:8      | Killed a two-headed ogre
  5276 | D:8      | Reached skill level 4 in Spellcasting
  5279 | D:8      | Found a glowing golden altar of the Shining One.
  5451 | D:10     | Entered Level 10 of the Dungeon
  5535 | D:10     | Reached skill level 8 in Transmutations
  5543 | D:10     | Reached skill level 6 in Dodging
  5567 | D:10     | Reached skill level 6 in Fighting
  5728 | D:10     | Noticed a death yak
  5830 | D:10     | Noticed a death yak
  5846 | D:10     | Killed a death yak
  5888 | D:10     | Found a staircase to the Lair.
  5898 | D:10     | Noticed a death yak
  5899 | D:10     | Noticed a death yak
  5902 | D:10     | Noticed a death yak
  5904 | D:10     | Killed a death yak
  5904 | D:10     | Reached skill level 5 in Spellcasting
  5909 | D:10     | Killed a death yak
  5913 | D:10     | Killed a death yak
  5913 | D:10     | Reached XP level 11. HP: 71/91 MP: 12/22
  5936 | D:10     | Killed a death yak
  6080 | D:9      | Learned a level 2 spell: Blink
  6239 | D:10     | Found an iron altar of Okawaru.
  6297 | D:11     | Found a staircase to the Orcish Mines.
  6307 | D:11     | Reached skill level 7 in Dodging
  6344 | Orc:1    | Entered Level 1 of the Orcish Mines
  6344 | Orc:1    | Noticed an orc knight
  6358 | Orc:1    | Killed an orc knight
  6358 | Orc:1    | Reached skill level 7 in Fighting
  6396 | Orc:1    | Noticed an orc knight
  6430 | Orc:1    | Killed an orc knight
  6524 | Orc:1    | Found a roughly hewn altar of Beogh.
  6665 | Orc:2    | Entered Level 2 of the Orcish Mines
  6665 | Orc:2    | Found a staircase to the Elven Halls.
  6676 | Orc:2    | Noticed an ettin
  6686 | Orc:2    | Killed an ettin
  6706 | Orc:2    | Reached skill level 10 in Unarmed Combat
  6790 | Orc:2    | Noticed an orc knight
  6817 | Orc:2    | Killed an orc knight
  6831 | Orc:2    | Found a roughly hewn altar of Beogh.
  6837 | Orc:2    | Found a labyrinth entrance.
  6845 | Lab      | Entered a labyrinth
  7138 | Lab      | Noticed a minotaur
  7150 | Lab      | Killed a minotaur
  7154 | Lab      | Identified the Compendium of Orientation
  7156 | Lab      | Got a shimmering leather armour
  7173 | Lab      | Identified the +1 leather armour of the Devil's Advocate {Str+2 Int-5 Dex+5} (You found it in a labyrinth)
  7207 | Lab      | Learned a level 2 spell: Shroud of Golubria
  7209 | Orc:2    | Noticed an orc warlord
  7284 | Orc:2    | Killed an orc warlord
  7284 | Orc:2    | Reached skill level 2 in Charms
  7284 | Orc:2    | Reached skill level 2 in Translocations
  7394 | Orc:2    | Noticed an orc knight
  7435 | Orc:2    | Noticed an orc knight
  7542 | Orc:2    | Killed an orc knight
  7542 | Orc:2    | Reached skill level 3 in Charms
  7542 | Orc:2    | Reached skill level 3 in Translocations
  7749 | Orc:2    | Killed an orc knight
  7760 | Orc:2    | Reached skill level 8 in Dodging
  7763 | Orc:2    | Reached XP level 12. HP: 82/101 MP: 19/24
  7832 | Orc:2    | Found Deikkife's Food Shop.
  7876 | Orc:2    | Reached skill level 8 in Fighting
  8011 | Orc:2    | Found Dynoloqo's General Store.
  8240 | Orc:2    | Reached skill level 11 in Unarmed Combat
  8851 | Orc:2    | Reached skill level 9 in Dodging
  8892 | Orc:2    | Reached skill level 12 in Unarmed Combat
  8898 | Orc:2    | Reached skill level 9 in Fighting
  8928 | Orc:2    | Found Natsuept's Gadget Emporium.
  8928 | Orc:2    | Found Gutis's Antique Weapon Shoppe.
  8928 | Orc:2    | Found a one-way gate leading to the halls of Pandemonium.
  8939 | Orc:2    | Learned a level 4 spell: Passage of Golubria
  9008 | Elf:1    | Entered Level 1 of the Elven Halls
  9082 | Elf:1    | Reached skill level 4 in Translocations
  9097 | Elf:1    | Found a radiant altar of Vehumet.
  9109 | Elf:1    | Reached XP level 13. HP: 91/111 MP: 18/25
  9115 | Elf:1    | Reached skill level 5 in Translocations
  9133 | Elf:1    | Found Segag's Distillery.
  9140 | Elf:1    | Bought a potion of might for 72 gold pieces
  9140 | Elf:1    | Bought a potion of heal wounds for 90 gold pieces
  9140 | Elf:1    | Bought a potion of curing for 54 gold pieces
  9140 | Elf:1    | Bought a potion of curing for 54 gold pieces
  9140 | Elf:1    | Bought a potion of curing for 54 gold pieces
  9204 | Elf:1    | Reached skill level 6 in Translocations
  9315 | Elf:1    | Found a magical portal.
  9336 | WizLab   | Entered The Chambers of the Cloud Mage
  9694 | WizLab   | Reached skill level 13 in Unarmed Combat
  9978 | WizLab   | Noticed Joturen
  9995 | WizLab   | HP: 14/169 [air elemental (5)]
 10016 | WizLab   | HP: 10/169 [Joturen the Cloud Mage/quick blade of electrocution (13)]
 10017 | WizLab   | HP: 2/169 [Joturen the Cloud Mage/quick blade of electrocution (8)]
 10022 | WizLab   | Killed from afar by Joturen the Cloud Mage

Vault maps used:
D:1:      dpeg_arrival_castle
D:2:      nicolae_overflow_hidden_temple, minmay_distorted,
          uniq_crazy_yiuf_cottage, uniq_jessica
D:3:      lemuel_round_altar
D:4:      lemuel_doored_altar
D:5:      first_bread, serial_shops, nicolae_shop_window_shopping,
          moated_statue, kennysheep_generic_room_11, uniq_duvessa, uniq_pikel
D:6:      zin_treasury, nicolae_ru_path_of_blood, grunt_temple_overflow_open,
          overflow_temple_1_default, grunt_ministairs_7
D:7:      yredelemnul_forgotten_temple_becter, temple_doors_cd
D:8:      kennysheep_mini
D:9:      kennysheep_okawaru_gauntlet
D:10:     dpeg_lair_monsters, basic_altar, hangedman_fish_farm
D:11:     david_orc_3, serial_undead, serial_undead_e, serial_undead_f,
          serial_undead_b, serial_undead_a, serial_undead_e
Orc:1:    basic_altar
Orc:2:    pf_orc_diabolical, lab_entry_generic, basic_altar, roderic_batcave
Elf:1:    eino_elf_arrival_altar, serial_shops, nicolae_shop_trees,
          lightli_enter_wizlab_magi_temple, minivault_28, uniq_asterion,
          uniq_roxanne
Lab:      nicolae_lab_starburst
WizLab:   wizlab_cloud

Skill      XL: |  1  2  3  4  5  6  7  8  9 10 11 12 13 |
---------------+----------------------------------------+-----
Spellcasting   | 2 3 5 |  5.5
Unarmed Combat | 3 4 5 7 8 9 10 12 13 | 13.2
Transmutations | 2 3 5 6 7 8 |  8.7
Stealth        | 1 |  1.0
Fighting       | 1 3 5 6 7 9 |  9.8
Dodging        | 2 3 5 6 8 9 |  9.9
Charms         | 3 |  3.2
Translocations | 3 4 6 |  6.1

Action                   |  1- 3 |  4- 6 |  7- 9 | 10-12 | 13-15 || total
-------------------------+-------+-------+-------+-------+-------++-------
Melee: Unarmed           |    92 |   108 |   245 |   504 |   207 ||  1156
       Kick              |    12 |       |       |       |       ||    12
       Punch             |     2 |     1 |     1 |    25 |     5 ||    34
       Headbutt          |     2 |       |       |       |       ||     2
Throw: Javelin           |       |     5 |       |     2 |       ||     7
 Cast: Beastly Appendage |    20 |       |       |       |       ||    20
       Sticks to Snakes  |     7 |    10 |    19 |    60 |    29 ||   125
       Spider Form       |     5 |    26 |    25 |       |       ||    56
       Blade Hands       |       |       |     9 |    55 |    16 ||    80
       Blink             |       |       |       |     2 |       ||     2
       Shroud of Golubri |       |       |       |     1 |       ||     1
 Abil: End Transformatio |       |       |     1 |     9 |     6 ||    16
Evoke: Wand              |     2 |       |     4 |    12 |    16 ||    34
  Use: Scroll            |     2 |     6 |     4 |    10 |     2 ||    24
       Potion            |       |     3 |     1 |     3 |    12 ||    19
 Stab: Paralysed         |     3 |       |    11 |     8 |       ||    22
       Sleeping          |       |     5 |     6 |     2 |     1 ||    14
       Distracted        |       |       |     2 |     4 |     2 ||     8
  Eat: Chunk             |     1 |     9 |     7 |    24 |     5 ||    46
       Fruit             |     1 |     1 |     5 |       |       ||     7
       Meat ration       |       |       |     1 |     1 |       ||     2
       Royal jelly       |       |       |       |     1 |     1 ||     2
       Bread ration      |       |       |       |       |     1 ||     1
Armor: Robe              |     6 |     3 |    17 |    24 |     7 ||    57
       Skin              |       |    11 |    11 |       |    27 ||    49
       Leather armour    |       |       |       |    34 |    45 ||    79
Dodge: Dodged            |    47 |    90 |   188 |   309 |   189 ||   823

Table legend:
 A = Spawn XP
 B = Non-spawn XP
 C = Spawn XP percentage of total XP
 D = Spawn monster count
 E = Non-spawn monster count
 F = Spawn count percentage of total count
 G = Total turns spent on level
                    A         B        C        D         E        F      G
               +---------+---------+-------+---------+---------+-------+---------
         Total |     921 |   64099 |   1.4 |      16 |     416 |   3.7 | 10022
               +---------+---------+-------+---------+---------+-------+---------
           D:1 |       0 |      28 |   0.0 |       0 |      14 |   0.0 |   463
           D:2 |      28 |     131 |  17.6 |       3 |      25 |  10.7 |   751
           D:3 |      13 |      54 |  19.4 |       1 |      15 |   6.2 |   645
           D:4 |       3 |     251 |   1.2 |       1 |      10 |   9.1 |   590
           D:5 |       3 |    1592 |   0.2 |       2 |      34 |   5.6 |   800
           D:6 |       0 |    1079 |   0.0 |       0 |      22 |   0.0 |   686
           D:7 |     342 |     489 |  41.2 |       5 |      20 |  20.0 |   738
           D:8 |       0 |    4116 |   0.0 |       0 |      30 |   0.0 |   658
           D:9 |       0 |     233 |   0.0 |       0 |       7 |   0.0 |   294
          D:10 |     289 |    6232 |   4.4 |       2 |      26 |   7.1 |   678
          D:11 |       0 |     317 |   0.0 |       0 |       8 |   0.0 |    41
         Orc:1 |     118 |    3037 |   3.7 |       1 |      31 |   3.1 |   549
         Orc:2 |     125 |   23461 |   0.5 |       1 |     104 |   1.0 |  1783
         Elf:1 |       0 |    9947 |   0.0 |       0 |      17 |   0.0 |   296
           Lab |       0 |    1138 |   0.0 |       0 |       1 |   0.0 |   364
        WizLab |       0 |   11994 |   0.0 |       0 |      52 |   0.0 |   686
               +---------+---------+-------+---------+---------+-------+---------

Table legend:
 A = Turns spent in this place as a percentage of turns spent in the entire game.
 B = Non-inter-level travel turns spent in this place as a percentage of non-inter-level travel turns spent in the entire game.
 C = Inter-level travel turns spent in this place as a percentage of turns spent in this place.
 D = Turns resting spent in this place as a percentage of non-inter-level travel turns spent in this place.
 E = Turns spent auto-exploring this place as a percentage of non-inter-level travel turns spent in this place.
 F = Non-inter-level travel turns spent in this place divided by the number of levels of this place that you've seen.
                   A       B       C       D       E      F
               +-------+-------+-------+-------+-------+----------------------
         Total | 100.0 | 100.0 |   9.5 |   0.0 |   0.0 | 566.6
       Dungeon |  63.3 |  62.0 |  11.4 |   0.0 |   0.0 | 510.7
  Orcish Mines |  23.3 |  23.2 |   9.9 |   0.0 |   0.0 | 1050.5
   Elven Halls |   3.0 |   3.3 |   0.0 |   0.0 |   0.0 | 296.0
     Labyrinth |   3.6 |   4.0 |   0.0 |   0.0 |   0.0 | 364.0
        Wizlab |   6.8 |   7.6 |   0.0 |   0.0 |   0.0 | 686.0
               +-------+-------+-------+-------+-------+----------------------

Table legend:
 A = Kills in this place as a percentage of kills in entire the game.
 B = Kills by you in this place as a percentage of kills by you in the entire game.
 C = Kills by friends in this place as a percentage of kills by friends in the entire game.
 D = Other kills in this place as a percentage of other kills in the entire game.
 E = Experience gained in this place as a percentage of experience gained in the entire game.
 F = Experience gained in this place divided by the number of levels of this place that you have seen.
                   A       B       C       D       E      F
               +-------+-------+-------+-------+-------+----------------------
         Total | 100.0 | 100.0 | 100.0 | 100.0 | 100.0 | 4063.8
       Dungeon |  52.1 |  52.0 |  53.3 |  50.0 |  23.4 | 1381.8
  Orcish Mines |  31.7 |  32.0 |  30.0 |   0.0 |  41.1 | 13370.5
   Elven Halls |   3.9 |   3.8 |   6.7 |   0.0 |  15.3 | 9947.0
     Labyrinth |   0.2 |   0.2 |   0.0 |   0.0 |   1.8 | 1138.0
        Wizlab |  12.0 |  12.0 |  10.0 |  50.0 |  18.4 | 11994.0
               +-------+-------+-------+-------+-------+----------------------

Vault maps used:
D:1:      dpeg_arrival_castle
D:2:      nicolae_overflow_hidden_temple, minmay_distorted,
          uniq_crazy_yiuf_cottage, uniq_jessica
D:3:      lemuel_round_altar
D:4:      lemuel_doored_altar
D:5:      first_bread, serial_shops, nicolae_shop_window_shopping,
          moated_statue, kennysheep_generic_room_11, uniq_duvessa, uniq_pikel
D:6:      zin_treasury, nicolae_ru_path_of_blood, grunt_temple_overflow_open,
          overflow_temple_1_default, grunt_ministairs_7
D:7:      yredelemnul_forgotten_temple_becter, temple_doors_cd
D:8:      kennysheep_mini
D:9:      kennysheep_okawaru_gauntlet
D:10:     dpeg_lair_monsters, basic_altar, hangedman_fish_farm
D:11:     david_orc_3, serial_undead, serial_undead_e, serial_undead_f,
          serial_undead_b, serial_undead_a, serial_undead_e
Orc:1:    basic_altar
Orc:2:    pf_orc_diabolical, lab_entry_generic, basic_altar, roderic_batcave
Elf:1:    eino_elf_arrival_altar, serial_shops, nicolae_shop_trees,
          lightli_enter_wizlab_magi_temple, minivault_28, uniq_asterion,
          uniq_roxanne
Lab:      nicolae_lab_starburst
WizLab:   wizlab_cloud
